[ PARTIDA AOE2 · #485207413 ]
UnrankedCeltas vs Malay
[ ANÁLISIS DE REPETICIÓN · EXTRAÍDO DE LA PARTIDA GRABADA ]
Feudal
12:31
Castillos
19:35
Imperial
35:37
| APM promedio | 27.1 |
| APM pico | 70 |
| eAPM promedio | 13.8 |
| Aldeanos / militares | 74 / 38 |
Foco
⚔️ 33.1% · 🌾 66.9%
Woad Raider ×20 · Mangonel ×5 · Spearman ×5 · Battering Ram ×5 · Trebuchet (Packed) ×2 · Monk ×1
Feudal
11:27
Castillos
14:08
Imperial
29:45
| APM promedio | 34.6 |
| APM pico | 90 |
| eAPM promedio | 21.5 |
| Aldeanos / militares | 132 / 97 |
Foco
⚔️ 31.3% · 🌾 68.7%
Battle Elephant ×84 · Trebuchet (Packed) ×6 · Scorpion ×4 · Mangonel ×3
Feudal
13:41
Castillos
23:20
Imperial
—
| APM promedio | 36.7 |
| APM pico | 60 |
| eAPM promedio | 14.6 |
| Aldeanos / militares | 68 / 82 |
Foco
⚔️ 23.6% · 🌾 76.4%
Archer ×74 · Militia ×8
Feudal
9:25
Castillos
24:10
Imperial
35:21
| APM promedio | 24.8 |
| APM pico | 76 |
| eAPM promedio | 10.8 |
| Aldeanos / militares | 81 / 45 |
Foco
⚔️ 15.8% · 🌾 84.2%
Scout Cavalry ×37 · Mangudai ×6 · Trebuchet (Packed) ×2
Feudal
11:27
Castillos
16:11
Imperial
—
| APM promedio | 51.8 |
| APM pico | 102 |
| eAPM promedio | 24.6 |
| Aldeanos / militares | 60 / 78 |
Foco
⚔️ 34.9% · 🌾 65.1%
Arambai ×78
Feudal
10:17
Castillos
21:55
Imperial
36:23
| APM promedio | 42.2 |
| APM pico | 73 |
| eAPM promedio | 12.7 |
| Aldeanos / militares | 76 / 71 |
Foco
⚔️ 21.0% · 🌾 79.0%
Archer ×68 · Plumed Archer ×3
Mapa de la partida
Recursos iniciales + cada clic de construcción. Líneas = muros · curvas = relieve. ◆ oro · ⬟ piedra · ● bayas · ✦ reliquia · ◌ hueco del cierre
Tu base· Abierta — hueco de 8t
Base de Mayor Meanswell· Abierta — flanco sin cerrar
Base de Botondbandita· Abierta — flanco sin cerrar
Base de OffensiveDucky· Abierta — flanco sin cerrar
Base de eessddzz· Abierta — flanco sin cerrar
Base de Azar73· Abierta — flanco sin cerrar
Terreno inicial suavizado · ◌ = hueco del cierre detectado · pasá el cursor para detalles
Inputs por minuto
— Rindsau - - Mayor Meanswell
Build order — Rindsau
Primeras 150 de 215 acciones detectadas
| 0:01 | Crear | Villager (Male) |
| 0:01 | Crear | Villager (Male) |
| 0:01 | Crear | Villager (Male) |
| 0:06 | Construir | House |
| 0:07 | Construir | House |
| 0:08 | Crear | Villager (Male) |
| 1:54 | Crear | Villager (Male) |
| 1:58 | Construir | Lumber Camp |
| 2:29 | Crear | Villager (Male) |
| 2:29 | Crear | Villager (Male) |
| 3:00 | Crear | Villager (Male) |
| 3:50 | Crear | Villager (Male) |
| 3:50 | Crear | Villager (Male) |
| 4:22 | Investigar | Loom |
| 4:28 | Construir | Mill |
| 5:08 | Crear | Villager (Male) |
| 5:08 | Crear | Villager (Male) |
| 5:21 | Construir | House |
| 5:37 | Crear | Villager (Male) |
| 6:10 | Crear | Villager (Male) |
| 6:52 | Construir | House |
| 7:26 | Crear | Villager (Male) |
| 7:26 | Crear | Villager (Male) |
| 7:27 | Crear | Villager (Male) |
| 7:39 | Crear | Villager (Male) |
| 7:39 | Crear | Villager (Male) |
| 8:13 | Crear | Villager (Male) |
| 8:48 | Construir | Mining Camp |
| 8:57 | Crear | Villager (Male) |
| 9:38 | Construir | House |
| 10:01 | Investigar | Feudal Age |
| 11:23 | Construir | Palisade Wall |
| 12:21 | Construir | Barracks |
| 12:31 | Edad | Edad Feudal |
| 12:33 | Construir | Palisade Wall |
| 13:14 | Crear | Spearman |
| 13:15 | Crear | Spearman |
| 13:15 | Crear | Spearman |
| 13:28 | Construir | Palisade Wall |
| 13:48 | Crear | Villager (Male) |
| 13:49 | Crear | Villager (Male) |
| 13:49 | Crear | Villager (Male) |
| 14:00 | Construir | Market |
| 14:15 | Construir | House |
| 14:16 | Construir | House |
| 14:20 | Crear | Spearman |
| 14:52 | Investigar | Double-Bit Axe |
| 15:03 | Construir | House |
| 15:04 | Construir | House |
| 15:08 | Construir | House |
| 16:06 | Construir | Blacksmith |
| 16:10 | Crear | Villager (Male) |
| 16:10 | Crear | Villager (Male) |
| 16:55 | Investigar | Castle Age |
| 17:03 | Construir | House |
| 17:04 | Construir | House |
| 17:14 | Construir | Farm |
| 17:14 | Construir | Farm |
| 17:29 | Construir | Mining Camp |
| 17:59 | Crear | Villager (Male) |
| 18:36 | Construir | Farm |
| 18:36 | Construir | Farm |
| 18:37 | Construir | Farm |
| 18:41 | Construir | Farm |
| 18:41 | Construir | Farm |
| 18:42 | Construir | Farm |
| 19:23 | Construir | Stone Wall |
| 19:35 | Edad | Edad de los Castillos |
| 19:38 | Construir | Town Center |
| 19:42 | Crear | Villager (Male) |
| 19:47 | Construir | Town Center |
| 19:55 | Crear | Villager (Male) |
| 19:59 | Crear | Spearman |
| 20:40 | Crear | Villager (Male) |
| 21:04 | Construir | Siege Workshop |
| 21:17 | Construir | Farm |
| 21:19 | Crear | Villager (Male) |
| 21:19 | Crear | Villager (Male) |
| 21:39 | Crear | Villager (Male) |
| 21:45 | Crear | Villager (Male) |
| 21:52 | Construir | Farm |
| 21:52 | Construir | Farm |
| 22:04 | Crear | Villager (Male) |
| 22:09 | Crear | Mangonel |
| 22:21 | Construir | Farm |
| 22:27 | Construir | Farm |
| 22:53 | Crear | Villager (Male) |
| 22:53 | Crear | Villager (Male) |
| 23:05 | Construir | Stone Wall |
| 23:08 | Construir | Stone Wall |
| 23:16 | Construir | Gate |
| 23:26 | Construir | Monastery |
| 23:38 | Construir | Monastery |
| 23:42 | Construir | Farm |
| 23:45 | Crear | Villager (Male) |
| 23:45 | Crear | Villager (Male) |
| 23:45 | Crear | Villager (Male) |
| 23:47 | Construir | Farm |
| 23:47 | Construir | Farm |
| 24:00 | Crear | Villager (Male) |
| 24:01 | Crear | Villager (Male) |
| 24:01 | Crear | Villager (Male) |
| 24:04 | Crear | Villager (Male) |
| 24:22 | Construir | Farm |
| 24:22 | Construir | Farm |
| 24:36 | Construir | Farm |
| 24:56 | Crear | Monk |
| 25:03 | Construir | Farm |
| 25:08 | Crear | Villager (Male) |
| 25:09 | Crear | Villager (Male) |
| 25:09 | Crear | Villager (Male) |
| 25:09 | Crear | Villager (Male) |
| 25:09 | Crear | Villager (Male) |
| 25:32 | Crear | Mangonel |
| 26:20 | Construir | Farm |
| 26:21 | Construir | Farm |
| 26:49 | Construir | House |
| 26:51 | Construir | House |
| 26:52 | Construir | House |
| 26:56 | Crear | Villager (Male) |
| 26:57 | Crear | Villager (Male) |
| 27:02 | Construir | Farm |
| 27:08 | Construir | Lumber Camp |
| 27:17 | Crear | Villager (Male) |
| 27:18 | Crear | Villager (Male) |
| 27:18 | Crear | Villager (Male) |
| 27:18 | Crear | Villager (Male) |
| 27:18 | Crear | Villager (Male) |
| 27:19 | Crear | Villager (Male) |
| 27:19 | Crear | Villager (Male) |
| 27:19 | Crear | Villager (Male) |
| 27:19 | Crear | Villager (Male) |
| 27:25 | Investigar | Bow Saw |
| 27:32 | Investigar | Horse Collar |
| 27:49 | Construir | Farm |
| 27:53 | Construir | Farm |
| 28:09 | Construir | House |
| 28:10 | Construir | House |
| 28:15 | Construir | House |
| 28:17 | Construir | House |
| 28:23 | Construir | Farm |
| 29:57 | Construir | Farm |
| 30:03 | Construir | Castle |
| 30:06 | Construir | House |
| 30:12 | Crear | Mangonel |
| 30:12 | Crear | Mangonel |
| 30:14 | Crear | Mangonel |
| 30:33 | Crear | Villager (Male) |
| 30:33 | Crear | Villager (Male) |
| 30:36 | Crear | Villager (Male) |
Build order — Mayor Meanswell
Primeras 150 de 373 acciones detectadas
| 0:01 | Crear | Villager (Male) |
| 0:02 | Crear | Villager (Male) |
| 0:02 | Crear | Villager (Male) |
| 0:02 | Crear | Villager (Male) |
| 0:04 | Construir | House |
| 0:05 | Construir | House |
| 1:37 | Crear | Villager (Male) |
| 2:03 | Construir | Lumber Camp |
| 2:08 | Crear | Villager (Male) |
| 2:08 | Crear | Villager (Male) |
| 2:19 | Crear | Villager (Male) |
| 2:58 | Crear | Villager (Male) |
| 3:12 | Construir | House |
| 3:20 | Crear | Villager (Male) |
| 3:49 | Crear | Villager (Male) |
| 4:12 | Crear | Villager (Male) |
| 4:12 | Crear | Villager (Male) |
| 4:25 | Construir | Mill |
| 4:38 | Crear | Villager (Male) |
| 4:38 | Crear | Villager (Male) |
| 4:54 | Crear | Villager (Male) |
| 4:54 | Crear | Villager (Male) |
| 5:11 | Construir | House |
| 5:28 | Crear | Villager (Male) |
| 5:45 | Construir | House |
| 5:47 | Construir | Palisade Wall |
| 5:54 | Crear | Villager (Male) |
| 5:55 | Crear | Villager (Male) |
| 6:26 | Construir | Mining Camp |
| 6:33 | Crear | Villager (Male) |
| 6:33 | Crear | Villager (Male) |
| 6:57 | Construir | Palisade Gate |
| 7:02 | Crear | Villager (Male) |
| 7:03 | Crear | Villager (Male) |
| 7:03 | Crear | Villager (Male) |
| 7:28 | Construir | Farm |
| 8:47 | Investigar | Feudal Age |
| 8:50 | Investigar | Loom |
| 8:54 | Investigar | Feudal Age |
| 8:54 | Investigar | Feudal Age |
| 10:06 | Construir | Farm |
| 10:06 | Construir | Farm |
| 10:06 | Construir | Farm |
| 10:06 | Construir | Farm |
| 10:39 | Construir | House |
| 10:44 | Construir | Palisade Wall |
| 10:55 | Construir | Palisade Wall |
| 11:27 | Edad | Edad Feudal |
| 11:28 | Investigar | Castle Age |
| 11:28 | Investigar | Castle Age |
| 11:44 | Construir | Farm |
| 12:04 | Investigar | Double-Bit Axe |
| 13:00 | Construir | Palisade Wall |
| 13:20 | Crear | Villager (Male) |
| 13:20 | Crear | Villager (Male) |
| 14:08 | Edad | Edad de los Castillos |
| 14:10 | Construir | Town Center |
| 14:21 | Crear | Villager (Male) |
| 14:22 | Crear | Villager (Male) |
| 14:35 | Construir | Town Center |
| 14:40 | Crear | Villager (Male) |
| 14:40 | Crear | Villager (Male) |
| 15:09 | Crear | Villager (Male) |
| 15:09 | Crear | Villager (Male) |
| 15:19 | Construir | Palisade Gate |
| 15:24 | Construir | Palisade Gate |
| 15:42 | Crear | Villager (Male) |
| 15:42 | Crear | Villager (Male) |
| 15:57 | Construir | Farm |
| 16:00 | Construir | Farm |
| 16:08 | Construir | Farm |
| 16:21 | Construir | Farm |
| 16:23 | Investigar | Horse Collar |
| 16:33 | Crear | Villager (Male) |
| 16:35 | Construir | Farm |
| 16:38 | Construir | Farm |
| 16:49 | Crear | Villager (Male) |
| 16:49 | Crear | Villager (Male) |
| 16:52 | Construir | Farm |
| 17:01 | Construir | Farm |
| 17:06 | Crear | Villager (Male) |
| 17:26 | Crear | Villager (Male) |
| 17:30 | Construir | Farm |
| 17:33 | Construir | Farm |
| 17:33 | Crear | Villager (Male) |
| 17:39 | Construir | Farm |
| 17:42 | Crear | Villager (Male) |
| 17:45 | Construir | Farm |
| 17:59 | Crear | Villager (Male) |
| 17:59 | Crear | Villager (Male) |
| 17:59 | Crear | Villager (Male) |
| 18:08 | Crear | Villager (Male) |
| 18:12 | Construir | Farm |
| 18:17 | Crear | Villager (Male) |
| 18:17 | Crear | Villager (Male) |
| 18:21 | Construir | Farm |
| 18:31 | Construir | Farm |
| 18:35 | Construir | Farm |
| 18:38 | Construir | Farm |
| 18:41 | Construir | House |
| 18:42 | Construir | House |
| 18:44 | Construir | House |
| 18:46 | Crear | Villager (Male) |
| 18:47 | Crear | Villager (Male) |
| 18:47 | Crear | Villager (Male) |
| 18:58 | Construir | House |
| 18:59 | Construir | House |
| 19:00 | Construir | House |
| 19:06 | Investigar | Wheelbarrow |
| 19:19 | Crear | Villager (Male) |
| 19:19 | Crear | Villager (Male) |
| 19:38 | Investigar | Bow Saw |
| 19:43 | Crear | Villager (Male) |
| 19:46 | Construir | Farm |
| 19:46 | Construir | Farm |
| 19:46 | Construir | Farm |
| 19:56 | Crear | Villager (Male) |
| 19:57 | Crear | Villager (Male) |
| 20:10 | Crear | Villager (Male) |
| 20:11 | Crear | Villager (Male) |
| 20:27 | Crear | Villager (Male) |
| 20:27 | Crear | Villager (Male) |
| 20:27 | Crear | Villager (Male) |
| 20:29 | Crear | Villager (Male) |
| 20:46 | Construir | Siege Workshop |
| 20:51 | Construir | House |
| 20:54 | Crear | Villager (Male) |
| 20:54 | Crear | Villager (Male) |
| 20:54 | Crear | Villager (Male) |
| 20:54 | Crear | Villager (Male) |
| 21:09 | Construir | Farm |
| 21:14 | Construir | Farm |
| 21:17 | Crear | Villager (Male) |
| 21:17 | Crear | Villager (Male) |
| 21:26 | Construir | House |
| 21:26 | Construir | House |
| 21:27 | Construir | House |
| 21:30 | Crear | Villager (Male) |
| 21:30 | Crear | Villager (Male) |
| 21:47 | Construir | Palisade Gate |
| 21:51 | Crear | Villager (Male) |
| 21:51 | Crear | Villager (Male) |
| 21:51 | Crear | Villager (Male) |
| 21:52 | Crear | Villager (Male) |
| 21:59 | Investigar | Hand Cart |
| 22:08 | Investigar | Gold Mining |
| 22:17 | Crear | Villager (Male) |
| 22:22 | Investigar | Heavy Plow |
| 22:33 | Construir | House |
| 22:34 | Construir | House |
Build order — Botondbandita
Primeras 150 de 206 acciones detectadas
| 0:26 | Crear | Villager (Male) |
| 0:26 | Crear | Villager (Male) |
| 0:28 | Construir | House |
| 0:29 | Construir | House |
| 0:37 | Crear | Villager (Male) |
| 0:49 | Crear | Villager (Male) |
| 1:48 | Crear | Villager (Male) |
| 2:12 | Construir | Lumber Camp |
| 2:18 | Crear | Villager (Male) |
| 2:43 | Crear | Villager (Male) |
| 3:16 | Crear | Villager (Male) |
| 3:55 | Crear | Villager (Male) |
| 4:03 | Crear | Villager (Male) |
| 4:28 | Construir | Mill |
| 4:28 | Crear | Villager (Male) |
| 5:25 | Crear | Villager (Male) |
| 5:29 | Construir | House |
| 5:32 | Construir | House |
| 6:01 | Crear | Villager (Male) |
| 6:27 | Crear | Villager (Male) |
| 7:03 | Crear | Villager (Male) |
| 7:10 | Crear | Villager (Male) |
| 7:43 | Crear | Villager (Male) |
| 7:57 | Construir | Palisade Wall |
| 7:59 | Construir | Palisade Wall |
| 8:00 | Construir | Palisade Wall |
| 8:06 | Crear | Villager (Male) |
| 8:23 | Crear | Villager (Male) |
| 8:34 | Construir | Mill |
| 8:37 | Crear | Villager (Male) |
| 9:11 | Construir | Barracks |
| 9:26 | Crear | Villager (Male) |
| 9:30 | Construir | Mining Camp |
| 10:03 | Crear | Villager (Male) |
| 10:09 | Crear | Militia |
| 10:10 | Crear | Militia |
| 10:16 | Crear | Villager (Male) |
| 10:32 | Construir | Farm |
| 10:35 | Construir | House |
| 10:36 | Construir | House |
| 10:42 | Crear | Militia |
| 10:46 | Crear | Villager (Male) |
| 10:58 | Construir | Farm |
| 11:04 | Construir | Farm |
| 11:11 | Crear | Militia |
| 11:41 | Investigar | Loom |
| 12:01 | Construir | Farm |
| 12:16 | Construir | Farm |
| 12:18 | Construir | Farm |
| 12:20 | Construir | Farm |
| 12:23 | Investigar | Feudal Age |
| 12:23 | Investigar | Feudal Age |
| 12:50 | Crear | Militia |
| 12:58 | Construir | Farm |
| 13:02 | Construir | Farm |
| 13:06 | Construir | Farm |
| 13:17 | Crear | Villager (Male) |
| 13:41 | Edad | Edad Feudal |
| 13:44 | Investigar | Man-at-Arms (upgrade) |
| 13:56 | Crear | Villager (Male) |
| 14:03 | Crear | Militia |
| 14:03 | Crear | Militia |
| 14:14 | Crear | Villager (Male) |
| 14:32 | Crear | Villager (Male) |
| 14:43 | Construir | Blacksmith |
| 14:47 | Construir | Farm |
| 15:01 | Construir | House |
| 15:06 | Crear | Villager (Male) |
| 15:34 | Construir | House |
| 15:51 | Crear | Villager (Male) |
| 16:22 | Crear | Villager (Male) |
| 16:24 | Crear | Militia |
| 16:53 | Crear | Villager (Male) |
| 17:15 | Crear | Villager (Male) |
| 17:51 | Crear | Villager (Male) |
| 17:57 | Construir | Archery Range |
| 18:28 | Crear | Villager (Male) |
| 18:39 | Construir | Market |
| 18:45 | Construir | Farm |
| 18:45 | Crear | Archer |
| 18:45 | Crear | Archer |
| 18:51 | Investigar | Fletching |
| 19:09 | Crear | Villager (Male) |
| 19:32 | Construir | House |
| 19:33 | Construir | House |
| 19:39 | Crear | Villager (Male) |
| 19:40 | Crear | Villager (Male) |
| 19:46 | Construir | Mining Camp |
| 19:51 | Construir | Mill |
| 19:52 | Construir | Farm |
| 19:52 | Construir | Farm |
| 19:52 | Construir | Farm |
| 19:53 | Construir | Farm |
| 19:53 | Construir | Farm |
| 19:53 | Construir | Farm |
| 19:53 | Construir | Farm |
| 20:14 | Construir | Archery Range |
| 20:17 | Construir | Archery Range |
| 20:22 | Investigar | Gold Mining |
| 20:24 | Investigar | Double-Bit Axe |
| 20:33 | Crear | Villager (Male) |
| 20:58 | Construir | House |
| 20:59 | Construir | House |
| 21:00 | Construir | House |
| 21:13 | Construir | House |
| 21:18 | Crear | Archer |
| 21:18 | Crear | Archer |
| 21:19 | Crear | Archer |
| 21:44 | Investigar | Castle Age |
| 22:07 | Construir | Farm |
| 22:09 | Crear | Archer |
| 22:23 | Construir | Lumber Camp |
| 22:26 | Crear | Villager (Male) |
| 22:32 | Crear | Archer |
| 22:43 | Construir | Farm |
| 22:50 | Construir | Farm |
| 22:50 | Crear | Villager (Male) |
| 22:53 | Crear | Archer |
| 23:01 | Crear | Villager (Male) |
| 23:06 | Construir | Farm |
| 23:20 | Edad | Edad de los Castillos |
| 23:27 | Investigar | Crossbowman (upgrade) |
| 23:29 | Crear | Archer |
| 23:50 | Crear | Archer |
| 23:59 | Construir | Farm |
| 24:02 | Construir | Farm |
| 24:14 | Crear | Villager (Male) |
| 24:15 | Crear | Archer |
| 24:15 | Crear | Archer |
| 24:15 | Crear | Archer |
| 24:23 | Crear | Archer |
| 25:00 | Investigar | Bow Saw |
| 25:03 | Crear | Villager (Male) |
| 25:23 | Crear | Villager (Male) |
| 25:25 | Crear | Archer ×5 |
| 25:25 | Crear | Archer ×2 |
| 25:30 | Crear | Villager (Male) |
| 25:35 | Construir | Farm |
| 25:51 | Construir | University |
| 25:54 | Crear | Villager (Male) |
| 26:06 | Crear | Archer |
| 26:06 | Crear | Archer |
| 26:19 | Investigar | Bodkin Arrow |
| 26:20 | Crear | Villager (Male) |
| 26:31 | Crear | Villager (Male) |
| 26:39 | Construir | Mining Camp |
| 26:49 | Investigar | Stone Mining |
| 26:51 | Crear | Archer ×3 |
| 26:51 | Crear | Villager (Male) |
| 27:08 | Crear | Villager (Male) |
Build order — OffensiveDucky
Primeras 150 de 199 acciones detectadas
| 0:02 | Crear | Villager (Male) |
| 0:02 | Crear | Villager (Male) |
| 0:02 | Crear | Villager (Male) |
| 0:04 | Construir | House |
| 0:06 | Construir | House |
| 0:11 | Crear | Villager (Male) |
| 0:12 | Crear | Villager (Male) |
| 1:42 | Crear | Villager (Male) |
| 2:06 | Crear | Villager (Male) |
| 2:06 | Crear | Villager (Male) |
| 3:06 | Crear | Villager (Male) |
| 3:06 | Crear | Villager (Male) |
| 3:42 | Construir | Lumber Camp |
| 4:12 | Crear | Villager (Male) |
| 4:12 | Crear | Villager (Male) |
| 4:12 | Crear | Villager (Male) |
| 5:25 | Construir | Mill |
| 5:27 | Crear | Villager (Male) |
| 5:28 | Crear | Villager (Male) |
| 5:43 | Crear | Villager (Male) |
| 5:55 | Investigar | Loom |
| 5:59 | Construir | House |
| 6:06 | Crear | Villager (Male) |
| 6:07 | Crear | Villager (Male) |
| 7:13 | Investigar | Feudal Age |
| 7:27 | Construir | House |
| 8:56 | Construir | Barracks |
| 8:59 | Crear | Villager (Male) |
| 8:59 | Crear | Villager (Male) |
| 9:25 | Edad | Edad Feudal |
| 10:01 | Construir | Stable |
| 10:06 | Crear | Villager (Male) |
| 10:06 | Crear | Villager (Male) |
| 10:40 | Construir | Farm |
| 10:41 | Construir | Farm |
| 10:47 | Crear | Scout Cavalry |
| 10:47 | Crear | Scout Cavalry |
| 10:47 | Crear | Scout Cavalry |
| 10:51 | Crear | Scout Cavalry |
| 10:52 | Crear | Villager (Male) |
| 10:52 | Crear | Villager (Male) |
| 11:01 | Construir | Farm |
| 11:11 | Construir | Farm |
| 12:23 | Construir | House |
| 12:38 | Crear | Scout Cavalry |
| 12:38 | Crear | Scout Cavalry |
| 12:42 | Construir | House |
| 12:47 | Construir | Farm |
| 13:22 | Crear | Villager (Male) |
| 13:22 | Crear | Villager (Male) |
| 13:31 | Construir | Farm |
| 13:33 | Construir | Farm |
| 13:36 | Construir | Farm |
| 13:39 | Construir | Farm |
| 13:41 | Construir | Farm |
| 13:48 | Crear | Villager (Male) |
| 13:49 | Crear | Villager (Male) |
| 13:52 | Crear | Scout Cavalry |
| 14:35 | Crear | Villager (Male) |
| 14:36 | Crear | Villager (Male) |
| 15:00 | Crear | Villager (Male) |
| 15:00 | Crear | Villager (Male) |
| 16:10 | Construir | Farm |
| 16:14 | Construir | Farm |
| 16:17 | Construir | Farm |
| 16:18 | Construir | Farm |
| 16:47 | Crear | Villager (Male) |
| 16:47 | Crear | Villager (Male) |
| 16:47 | Crear | Villager (Male) |
| 16:51 | Construir | Farm |
| 16:57 | Construir | House |
| 16:57 | Construir | House |
| 16:58 | Construir | House |
| 18:14 | Construir | Farm |
| 18:15 | Construir | Farm |
| 18:17 | Construir | Farm |
| 18:19 | Construir | Farm |
| 18:19 | Construir | Farm |
| 18:21 | Construir | Farm |
| 18:22 | Construir | Farm |
| 18:23 | Construir | Farm |
| 18:25 | Crear | Villager (Male) |
| 18:26 | Crear | Villager (Male) |
| 18:35 | Construir | Mining Camp |
| 19:19 | Crear | Villager (Male) |
| 19:20 | Crear | Villager (Male) |
| 19:32 | Investigar | Horse Collar |
| 19:34 | Investigar | Double-Bit Axe |
| 19:48 | Construir | House |
| 19:49 | Construir | House |
| 19:50 | Construir | House |
| 19:51 | Construir | House |
| 20:01 | Construir | House |
| 20:03 | Construir | House |
| 20:05 | Construir | House |
| 20:11 | Construir | House |
| 20:11 | Construir | House |
| 20:15 | Crear | Villager (Male) |
| 20:16 | Crear | Villager (Male) |
| 20:16 | Crear | Villager (Male) |
| 20:30 | Construir | Blacksmith |
| 21:16 | Investigar | Castle Age |
| 21:57 | Construir | Mining Camp |
| 23:16 | Crear | Villager (Male) |
| 23:16 | Crear | Villager (Male) |
| 24:10 | Edad | Edad de los Castillos |
| 24:15 | Construir | Town Center |
| 24:31 | Crear | Villager (Male) |
| 24:31 | Crear | Villager (Male) |
| 24:46 | Investigar | Light Cavalry (upgrade) |
| 24:48 | Investigar | Bloodlines |
| 24:49 | Investigar | Husbandry |
| 24:50 | Crear | Scout Cavalry |
| 24:50 | Crear | Scout Cavalry |
| 24:50 | Crear | Scout Cavalry |
| 24:51 | Crear | Scout Cavalry |
| 24:51 | Crear | Scout Cavalry |
| 24:51 | Crear | Scout Cavalry |
| 24:52 | Crear | Scout Cavalry |
| 25:03 | Crear | Scout Cavalry |
| 25:28 | Construir | Town Center |
| 25:46 | Crear | Villager (Male) |
| 25:47 | Crear | Villager (Male) |
| 25:54 | Investigar | Bow Saw |
| 26:09 | Investigar | Heavy Plow |
| 26:17 | Crear | Villager (Male) |
| 26:17 | Crear | Villager (Male) |
| 26:18 | Crear | Villager (Male) |
| 26:34 | Investigar | Stone Mining |
| 26:38 | Crear | Villager (Male) |
| 26:38 | Crear | Villager (Male) |
| 27:16 | Construir | University |
| 27:29 | Crear | Villager (Male) |
| 27:29 | Crear | Villager (Male) |
| 27:45 | Construir | Mining Camp |
| 28:03 | Crear | Villager (Male) |
| 28:04 | Crear | Villager (Male) |
| 28:04 | Crear | Villager (Male) |
| 28:04 | Crear | Villager (Male) |
| 28:05 | Crear | Villager (Male) |
| 28:05 | Crear | Villager (Male) |
| 28:06 | Crear | Villager (Male) |
| 28:06 | Crear | Villager (Male) |
| 28:06 | Crear | Villager (Male) |
| 28:06 | Crear | Villager (Male) |
| 28:07 | Crear | Villager (Male) |
| 28:07 | Crear | Villager (Male) |
| 28:07 | Crear | Villager (Male) |
| 28:20 | Construir | House |
| 28:20 | Construir | House |
Build order — eessddzz
Primeras 150 de 180 acciones detectadas
| 0:03 | Construir | House |
| 0:05 | Construir | House |
| 0:18 | Crear | Villager (Male) ×4 |
| 0:18 | Crear | Villager (Male) ×4 |
| 1:41 | Crear | Villager (Male) |
| 1:42 | Crear | Villager (Male) |
| 2:32 | Crear | Villager (Male) |
| 2:32 | Crear | Villager (Male) |
| 2:32 | Crear | Villager (Male) |
| 2:33 | Crear | Villager (Male) |
| 3:09 | Construir | Lumber Camp |
| 3:17 | Crear | Villager (Male) |
| 3:18 | Crear | Villager (Male) |
| 3:18 | Crear | Villager (Male) |
| 3:26 | Crear | Villager (Male) |
| 4:26 | Crear | Villager (Male) |
| 4:51 | Construir | House |
| 4:55 | Crear | Villager (Male) |
| 5:19 | Crear | Villager (Male) |
| 5:21 | Construir | Mill |
| 5:31 | Crear | Villager (Male) |
| 5:49 | Crear | Villager (Male) |
| 5:49 | Crear | Villager (Male) |
| 5:49 | Crear | Villager (Male) |
| 6:48 | Construir | House |
| 6:54 | Crear | Villager (Male) |
| 7:20 | Crear | Villager (Male) |
| 7:24 | Construir | Mining Camp |
| 7:52 | Crear | Villager (Male) |
| 8:14 | Crear | Villager (Male) |
| 8:16 | Investigar | Loom |
| 8:44 | Investigar | Feudal Age |
| 10:03 | Construir | Farm |
| 10:37 | Construir | Farm |
| 11:02 | Construir | Palisade Wall |
| 11:27 | Edad | Edad Feudal |
| 11:36 | Construir | Blacksmith |
| 11:42 | Construir | Market |
| 11:45 | Crear | Villager (Male) |
| 11:55 | Construir | House |
| 11:57 | Construir | Palisade Wall |
| 12:27 | Construir | Mining Camp |
| 13:31 | Investigar | Castle Age |
| 14:24 | Construir | House |
| 14:26 | Construir | House |
| 14:28 | Construir | House |
| 14:33 | Construir | House |
| 14:34 | Construir | House |
| 16:11 | Edad | Edad de los Castillos |
| 16:24 | Construir | Castle |
| 16:27 | Construir | House |
| 16:29 | Construir | Palisade Wall |
| 16:33 | Construir | House |
| 16:42 | Crear | Villager (Male) |
| 16:49 | Construir | House |
| 16:52 | Construir | House |
| 17:01 | Crear | Villager (Male) |
| 17:01 | Crear | Villager (Male) |
| 17:47 | Crear | Arambai |
| 17:48 | Crear | Arambai |
| 18:02 | Construir | Mining Camp |
| 18:52 | Crear | Arambai |
| 19:14 | Crear | Arambai |
| 19:14 | Crear | Arambai |
| 19:27 | Crear | Arambai |
| 19:27 | Crear | Arambai |
| 19:27 | Crear | Arambai |
| 19:27 | Crear | Arambai |
| 19:42 | Crear | Arambai |
| 19:42 | Crear | Arambai |
| 20:10 | Crear | Arambai |
| 20:11 | Crear | Arambai |
| 20:26 | Construir | Farm |
| 20:35 | Crear | Arambai |
| 20:35 | Crear | Arambai |
| 21:13 | Crear | Arambai |
| 21:44 | Crear | Villager (Male) |
| 21:51 | Construir | Farm |
| 21:55 | Crear | Arambai |
| 21:55 | Crear | Arambai |
| 22:17 | Crear | Arambai |
| 22:25 | Crear | Villager (Male) |
| 22:52 | Construir | Farm |
| 23:12 | Crear | Arambai |
| 23:12 | Crear | Arambai |
| 23:21 | Crear | Villager (Male) |
| 23:31 | Crear | Arambai |
| 23:31 | Crear | Arambai |
| 23:52 | Construir | Farm |
| 23:59 | Crear | Villager (Male) |
| 24:14 | Crear | Arambai |
| 24:14 | Crear | Arambai |
| 25:26 | Crear | Arambai |
| 25:28 | Investigar | Padded Archer Armor |
| 25:28 | Investigar | Padded Archer Armor |
| 25:31 | Crear | Arambai |
| 25:31 | Crear | Arambai |
| 25:48 | Crear | Arambai |
| 25:48 | Crear | Arambai |
| 26:09 | Crear | Arambai |
| 26:10 | Crear | Villager (Male) |
| 26:10 | Crear | Villager (Male) |
| 26:28 | Crear | Villager (Male) |
| 27:16 | Construir | Lumber Camp |
| 27:18 | Crear | Villager (Male) |
| 27:27 | Construir | Farm |
| 27:34 | Crear | Arambai |
| 27:34 | Crear | Arambai |
| 27:49 | Crear | Arambai |
| 27:49 | Crear | Arambai |
| 28:06 | Crear | Villager (Male) |
| 28:06 | Crear | Villager (Male) |
| 28:16 | Crear | Arambai |
| 28:16 | Crear | Arambai |
| 28:37 | Crear | Arambai |
| 28:37 | Crear | Arambai |
| 28:37 | Crear | Arambai |
| 28:48 | Crear | Villager (Male) |
| 28:49 | Crear | Villager (Male) |
| 28:58 | Crear | Arambai |
| 29:18 | Crear | Arambai |
| 29:53 | Crear | Arambai |
| 29:53 | Crear | Arambai |
| 30:10 | Crear | Arambai |
| 30:11 | Crear | Arambai |
| 30:14 | Crear | Villager (Male) |
| 30:14 | Crear | Villager (Male) |
| 31:05 | Crear | Arambai |
| 31:05 | Crear | Arambai |
| 31:06 | Crear | Arambai |
| 31:06 | Crear | Arambai |
| 31:07 | Crear | Villager (Male) |
| 31:16 | Crear | Villager (Male) |
| 31:48 | Crear | Arambai |
| 31:48 | Crear | Arambai |
| 31:48 | Crear | Arambai |
| 32:09 | Crear | Villager (Male) |
| 32:09 | Crear | Villager (Male) |
| 32:22 | Construir | Farm |
| 32:57 | Crear | Arambai |
| 32:58 | Crear | Arambai |
| 32:58 | Crear | Arambai |
| 32:58 | Crear | Arambai |
| 32:58 | Crear | Arambai |
| 32:58 | Crear | Arambai |
| 33:18 | Crear | Arambai |
| 33:18 | Crear | Arambai |
| 33:22 | Crear | Arambai |
| 33:26 | Crear | Villager (Male) |
| 33:26 | Crear | Villager (Male) |
Build order — Azar73
Primeras 150 de 203 acciones detectadas
| 0:01 | Crear | Villager (Male) |
| 0:04 | Investigar | Loom |
| 0:07 | Construir | House |
| 0:08 | Construir | House |
| 0:35 | Crear | Villager (Male) |
| 0:35 | Crear | Villager (Male) |
| 0:47 | Crear | Villager (Male) |
| 1:36 | Crear | Villager (Male) |
| 2:05 | Crear | Villager (Male) |
| 2:36 | Crear | Villager (Male) |
| 2:40 | Construir | Lumber Camp |
| 3:06 | Crear | Villager (Male) |
| 3:27 | Crear | Villager (Male) |
| 3:59 | Crear | Villager (Male) |
| 4:06 | Construir | House |
| 4:20 | Crear | Villager (Male) |
| 4:46 | Construir | Mill |
| 4:49 | Crear | Villager (Male) |
| 5:05 | Crear | Villager (Male) |
| 5:42 | Crear | Villager (Male) |
| 6:03 | Crear | Villager (Male) |
| 6:12 | Construir | House |
| 6:29 | Crear | Villager (Male) |
| 6:52 | Crear | Villager (Male) |
| 7:12 | Crear | Villager (Male) |
| 8:07 | Investigar | Feudal Age |
| 8:52 | Construir | Mining Camp |
| 9:07 | Construir | Barracks |
| 9:08 | Construir | House |
| 9:27 | Crear | Villager (Male) |
| 10:17 | Edad | Edad Feudal |
| 10:30 | Construir | Archery Range |
| 10:38 | Crear | Villager (Male) |
| 10:44 | Construir | House |
| 10:58 | Crear | Villager (Male) |
| 11:11 | Crear | Villager (Male) |
| 11:20 | Construir | Archery Range |
| 11:20 | Crear | Archer |
| 11:33 | Crear | Villager (Male) |
| 11:38 | Investigar | Double-Bit Axe |
| 11:39 | Crear | Villager (Male) |
| 11:46 | Crear | Archer |
| 12:09 | Crear | Villager (Male) |
| 12:20 | Crear | Archer |
| 12:20 | Crear | Archer |
| 12:21 | Crear | Archer |
| 12:22 | Crear | Archer |
| 12:27 | Construir | Farm |
| 12:28 | Construir | Farm |
| 13:00 | Crear | Villager (Male) |
| 13:03 | Construir | House |
| 13:04 | Construir | House |
| 13:13 | Crear | Archer |
| 13:39 | Crear | Villager (Male) |
| 14:18 | Crear | Archer |
| 14:19 | Crear | Archer |
| 14:19 | Crear | Archer |
| 14:38 | Crear | Villager (Male) |
| 14:39 | Crear | Villager (Male) |
| 14:46 | Crear | Archer |
| 14:46 | Crear | Archer |
| 15:21 | Crear | Villager (Male) |
| 15:25 | Construir | Farm |
| 15:25 | Construir | Farm |
| 15:26 | Construir | Farm |
| 15:26 | Construir | Farm |
| 15:26 | Construir | Farm |
| 15:26 | Construir | Farm |
| 15:27 | Construir | Farm |
| 15:30 | Crear | Villager (Male) |
| 16:05 | Crear | Villager (Male) |
| 16:15 | Construir | Farm |
| 16:15 | Construir | Farm |
| 16:15 | Construir | Farm |
| 16:18 | Construir | Farm |
| 16:18 | Construir | Farm |
| 16:18 | Construir | Farm |
| 16:33 | Crear | Villager (Male) |
| 16:41 | Construir | Farm |
| 16:56 | Crear | Villager (Male) |
| 17:02 | Construir | Farm |
| 17:08 | Crear | Archer |
| 17:08 | Crear | Archer |
| 17:16 | Construir | House |
| 18:18 | Construir | Market |
| 18:19 | Crear | Villager (Male) |
| 18:28 | Construir | House |
| 18:44 | Crear | Villager (Male) |
| 18:52 | Construir | Farm |
| 19:15 | Investigar | Castle Age |
| 19:24 | Construir | Archery Range |
| 19:27 | Crear | Villager (Male) |
| 19:51 | Construir | Blacksmith |
| 20:41 | Construir | House |
| 20:42 | Construir | House |
| 20:43 | Construir | House |
| 20:46 | Investigar | Fletching |
| 20:46 | Investigar | Padded Archer Armor |
| 21:01 | Crear | Archer |
| 21:01 | Crear | Archer |
| 21:02 | Crear | Archer |
| 21:55 | Edad | Edad de los Castillos |
| 21:57 | Construir | Mining Camp |
| 21:59 | Investigar | Crossbowman (upgrade) |
| 22:01 | Investigar | Thumb Ring |
| 22:03 | Crear | Villager (Male) |
| 22:27 | Crear | Villager (Male) |
| 22:34 | Crear | Archer ×5 |
| 22:53 | Investigar | Bodkin Arrow |
| 23:13 | Crear | Villager (Male) |
| 23:13 | Crear | Villager (Male) |
| 23:20 | Construir | Lumber Camp |
| 23:24 | Crear | Archer |
| 23:25 | Crear | Archer |
| 23:25 | Crear | Archer |
| 23:35 | Crear | Villager (Male) |
| 23:39 | Construir | House |
| 23:48 | Investigar | Bow Saw |
| 24:09 | Construir | Town Center |
| 24:23 | Crear | Villager (Male) |
| 24:31 | Crear | Archer |
| 24:31 | Crear | Archer |
| 24:32 | Crear | Archer |
| 24:53 | Crear | Villager (Male) |
| 24:57 | Crear | Archer |
| 24:58 | Crear | Archer |
| 25:24 | Crear | Villager (Male) |
| 25:24 | Crear | Villager (Male) |
| 25:50 | Construir | House |
| 25:50 | Construir | House |
| 25:51 | Construir | House |
| 25:51 | Construir | House |
| 25:51 | Construir | House |
| 25:55 | Investigar | Horse Collar |
| 26:05 | Crear | Archer ×5 |
| 26:15 | Investigar | Gold Mining |
| 26:16 | Investigar | Stone Mining |
| 26:21 | Crear | Archer ×2 |
| 26:25 | Crear | Villager (Male) |
| 26:26 | Crear | Villager (Male) |
| 26:40 | Construir | Farm |
| 26:41 | Construir | Farm |
| 26:48 | Crear | Villager (Male) |
| 26:49 | Crear | Villager (Male) |
| 26:55 | Crear | Villager (Male) |
| 26:56 | Crear | Villager (Male) |
| 27:30 | Construir | University |
| 27:36 | Investigar | Leather Archer Armor |
| 27:38 | Crear | Villager (Male) |
| 27:42 | Construir | Farm |
Cronología de la partida
| 5:47 | Mayor Meanswell · wall_segment Palisade Wall x3 |
| 7:57 | Botondbandita · wall_segment Palisade Wall x1 |
| 7:59 | Botondbandita · wall_segment Palisade Wall x1 |
| 8:00 | Botondbandita · wall_segment Palisade Wall x1 |
| 8:56 | OffensiveDucky · first_building Barracks |
| 9:07 | Azar73 · first_building Barracks |
| 9:11 | Botondbandita · first_building Barracks |
| 9:25 | OffensiveDucky · age_up feudal |
| 10:01 | OffensiveDucky · first_building Stable |
| 10:17 | Azar73 · age_up feudal |
| 10:30 | Azar73 · first_building Archery Range |
| 10:44 | Mayor Meanswell · wall_segment Palisade Wall x8 |
| 10:55 | Mayor Meanswell · wall_segment Palisade Wall x17 |
| 11:02 | eessddzz · wall_segment Palisade Wall x7 |
| 11:23 | Rindsau · wall_segment Palisade Wall x6 |
| 11:27 | Mayor Meanswell · age_up feudal |
| 11:27 | eessddzz · age_up feudal |
| 11:57 | eessddzz · wall_segment Palisade Wall x1 |
| 12:21 | Rindsau · first_building Barracks |
| 12:31 | Rindsau · age_up feudal |
| 12:33 | Rindsau · wall_segment Palisade Wall x6 |
| 12:45 | eessddzz · first_market_sell 100 wood |
| 12:49 | eessddzz · first_market_buy 100 food |
| 13:00 | Mayor Meanswell · wall_segment Palisade Wall x9 |
| 13:28 | Rindsau · wall_segment Palisade Wall x2 |
| 13:41 | Botondbandita · age_up feudal |
| 14:08 | Mayor Meanswell · age_up castle |
| 16:11 | eessddzz · age_up castle |
| 16:18 | Rindsau · first_market_buy 100 food |
| 16:24 | eessddzz · first_building Castle |
| 16:25 | Rindsau · first_market_sell 100 wood |
| 16:29 | eessddzz · wall_segment Palisade Wall x1 |
| 17:57 | Botondbandita · first_building Archery Range |
| 19:14 | Azar73 · first_market_buy 100 food |
| 19:23 | Rindsau · wall_segment Stone Wall x6 |
| 19:35 | Rindsau · age_up castle |
| 20:35 | Botondbandita · first_market_buy 100 food |
| 20:46 | Mayor Meanswell · first_building Siege Workshop |
| 21:04 | Rindsau · first_building Siege Workshop |
| 21:34 | Botondbandita · first_market_sell 100 wood |
| 21:55 | Azar73 · age_up castle |
| 23:05 | Rindsau · wall_segment Stone Wall x8 |
| 23:08 | Rindsau · wall_segment Stone Wall x5 |
| 23:20 | Botondbandita · age_up castle |
| 23:26 | Rindsau · first_building Monastery |
| 24:10 | OffensiveDucky · age_up castle |
| 26:05 | Mayor Meanswell · first_market_sell 100 food |
| 27:00 | Mayor Meanswell · first_building Stable |
| 27:53 | Mayor Meanswell · first_market_buy 100 stone |
| 29:02 | Mayor Meanswell · first_building Castle |
| 29:45 | Mayor Meanswell · age_up imperial |
| 30:03 | Rindsau · first_building Castle |
| 30:05 | OffensiveDucky · first_building Castle |
| 31:19 | Botondbandita · first_building Castle |
| 31:20 | Azar73 · first_building Monastery |
| 31:34 | Azar73 · first_building Castle |
| 33:05 | Azar73 · first_market_sell 500 wood |
| 33:46 | OffensiveDucky · first_building Monastery |
| 35:21 | OffensiveDucky · age_up imperial |
| 35:37 | Rindsau · age_up imperial |
| 36:23 | Azar73 · age_up imperial |
| 37:24 | Botondbandita · resign |
[ ANÁLISIS IA · 1 CRÉDITO ]
¿Qué pasó realmente en esta partida?
Wolo.gg analiza cada decisión: build order, eco, micro, errores típicos por bracket. Análisis personalizado por WhatsApp o Discord en 30 segundos.
Guía civ
Celtas
Perfil
Jugador #461126